 Dungeon Crawl Stone Soup version 0.19-b1-4-gd8a0a2a (webtiles) character file.

61 dohliylev the Sneak (level 3, -4/27 HPs)
             Began as a Vampire Assassin on Oct 30, 2016.
             Slain by a gnoll
             ... wielding a +3 whip
              (8 damage)
             ... on level 3 of the Dungeon.
             The game lasted 00:06:22 (1488 turns).

dohliylev the Sneak (Vampire Assassin)              Turns: 1488, Time: 00:06:22

Health: -4/27      AC:  0    Str: 10    XL:     3   Next: 83%
Magic:  3/3        EV: 19    Int: 13    God:
Gold:   94         SH:  0    Dex: 21    Spells: 0 memorised, 2 levels left

rFire  . . .     SeeInvis +     (weapon currently unavailable)
rCold  + . .     Gourm    .     (armour currently unavailable)
rNeg   + + .     Faith    .     (shield currently unavailable)
rPois  +         Spirit   .     (helmet currently unavailable)
rElec  .         Reflect  .     (cloak currently unavailable)
rCorr  .         Harm     .     (gloves currently unavailable)
MR     .....                    (boots currently unavailable)
Stlth  ++++++....               (no amulet)
                                (ring currently unavailable)
                                (ring currently unavailable)

@: bat-form, flying, regenerating slowly, very quick
A: fangs 3, see invisible, (unbreathing)
a: End Transformation


You were on level 3 of the Dungeon.
You were thirsty.
You were in vampire-bat-form.
You visited 1 branch of the dungeon, and saw 3 of its levels.

You collected 94 gold pieces.

Inventory:

Hand Weapons
 a - a +2 dagger of draining (melded)
 b - a +0 blowgun
Missiles
 e - 6 poisoned needles
 f - 2 curare-tipped needles
Armour
 c - a +0 robe (melded)
 d - a +0 cloak (melded)
Jewellery
 o - an uncursed amulet of magic regeneration {unknown}
Scrolls
 h - a scroll of immolation {unknown}
 i - a scroll of noise {unknown}
 l - a scroll of amnesia {unknown}
 m - a scroll of fog {unknown}
Potions
 g - 4 potions of blood
 j - 2 potions of might {unknown}
 k - 2 potions of brilliance {unknown}
 n - a potion of berserk rage {unknown}
 p - a potion of agility {unknown}


   Skills:
 + Level 1.9 Fighting
 + Level 2.7 Short Blades
 + Level 1.7 Throwing
 + Level 1.2 Dodging
 + Level 7.7 Stealth


You had 2 spell levels left.
You didn't know any spells.

Dungeon Overview and Level Annotations

Branches:
Dungeon (3/15)

Altars:


Innate Abilities, Weirdness & Mutations

You heal slowly.
You have razor-sharp teeth.
You have supernaturally acute eyesight. (SInv)
((You can survive without breathing.))


Message History

Your +2 dagger of draining melds into your body.
Your +0 cloak melds into your body.
Your +0 robe melds into your body.
Found a stone staircase leading up.
A goblin comes into view.
Found a flail.
A goblin comes into view. It is wielding a dagger.
Found 13 stones.
The gnoll misses you.
Found a shield.
The gnoll completely misses you.
You see here a shield.
The gnoll shouts!
The gnoll hits you with an enchanted whip!
The gnoll hits you with an enchanted whip!
Ouch! That really hurt!
* * * LOW HITPOINT WARNING * * *
Things that are here:
a hand axe; a leather armour The gnoll hits you with an enchanted whip!
You die...

#...# ###...(..
#.#.####..<#...
###..........g..
##....##......#.#
######...####........#
.......#.#.......#####
#...$........###..###
#..$....)g.######...####
..##...#b#....#####....##
..
#...##.####..g.g[......
.. #.#. #.# ###########.#
g# ### . ##.# #..
###.##....###..# ##.
###.........#...## #
....g. ........# ..#.#
####..#g# ....#
###≈≈##+..#


You could see 2 gnolls.

Vanquished Creatures
  2 worms (D:2)
  2 dart slugs
  2 leopard geckos
  3 orcs (D:3)
  6 giant cockroaches
  8 goblins
  7 hobgoblins
  4 kobolds (D:1)
  A ball python (D:1)
  3 bats
  A rat (D:1)
39 creatures vanquished.

Notes
Turn   | Place    | Note
-------+----------+-------------------------------------------
     0 | D:1      | dohliylev the Vampire Assassin began the quest for the Orb.
     0 | D:1      | Reached XP level 1. HP: 16/16 MP: 1/1
    15 | D:1      | Reached skill level 6 in Stealth
    72 | D:1      | Reached XP level 2. HP: 11/22 MP: 2/2
   497 | D:1      | Reached skill level 7 in Stealth
   782 | D:2      | Reached XP level 3. HP: 27/27 MP: 3/3
  1378 | D:3      | Found a faded altar of an unknown god.
  1488 | D:3      | Slain by a gnoll

Skill      XL: |  1  2 |
---------------+-------+-----
Stealth        | 6 7 |  7.7
Fighting       | |  1.9
Short Blades   | |  2.7
Throwing       | |  1.7
Dodging        | |  1.2

Action                   || total
-------------------------++-------
Melee: Dagger            ||    89
       Bite              ||     5
 Fire: Blowgun           ||     8
 Abil: Bat Form          ||     3
       End Transformatio ||     2
 Stab: Sleeping          ||    12
  Eat: Corpse            ||     1
Armor: Robe              ||    14
Dodge: Dodged            ||    45
